 Dungeon Crawl Stone Soup version 0.28.0-53-g5a82cb258f (webtiles) character file.

Game seed: 4431266408805421624

62253 MisterFreud the Spry (level 14, -13/117 HPs)
             Began as a Felid Berserker on June 29, 2022.
             Was the Champion of Trog.
             Mangled by a bunyip (24 damage)
             ... on level 2 of the Swamp.
             The game lasted 00:44:20 (36787 turns).

MisterFreud the Spry (Felid Berserker)             Turns: 36787, Time: 00:44:21

Health: -13/117    AC:  7    Str: 16    XL:     14   Next: 63%
Magic:  15/15      EV: 41    Int:  9    God:    Trog [******]
Gold:   2364       SH:  0    Dex: 26    Spells: 13/13 levels left
                                        Lives:  0   Deaths: 3

rFire   . . .      SeeInvis +     - Unarmed
rCold   + . .      Faith    .   (shield unavailable)
rNeg    + . .      Spirit   .   (armour unavailable)
rPois   .          Reflect  .   (helmet unavailable)
rElec   +          Harm     .   (cloak unavailable)
rCorr   .          Rampage  .   (gloves unavailable)
Will    +++++      Clarity  +   (boots unavailable)
Stlth   ..........              Q - amulet of the Four Winds {rN+ Will+++ Clar}
HPRegen 0.29/turn               E - ring "Caci" {rElec AC+4 Str+3 Dex+3}
MPRegen 0.14/turn               d - +4 ring of slaying

@: berserking, very quick
A: very small, claws 1, fangs 3, see invisible, speed 1, shaggy fur 3, stealthy
paws, no weapons or thrown items, no armour, multi-lived
a: Renounce Religion, Berserk, Trog's Hand, Brothers in Arms


You were on level 2 of the Swamp.
You worshipped Trog.
Trog was exalted by your worship.
You visited 4 branches of the dungeon, and saw 25 of its levels.
You also visited: Ice Cave.

You collected 3043 gold pieces.
You spent 679 gold pieces at shops.

Inventory:

Jewellery
 b - a ring of resist corrosion
 d - a +4 ring of slaying (right paw)
 n - a ring of magical power
 s - the amulet "Vuoss" {Acrobat rC++ Dex+2}
   (You found it on level 5 of the Dungeon)

   [amulet of the acrobat]

   It increases your evasion while moving and waiting.
   Dex:       It affects your dexterity (+2).
   rC:        It greatly protects you from cold.
 E - the ring "Caci" (left paw) {rElec AC+4 Str+3 Dex+3}
   (You found it on level 5 of the Lair of Beasts)

   [ring of protection]

   AC:        It affects your AC (+4).
   Str:       It affects your strength (+3).
   Dex:       It affects your dexterity (+3).
   rElec:     It insulates you from electricity.
 I - a ring of willpower
 K - a ring of ice
 L - the ring of Xom's Flight of Fancy {Ice Will- rCorr Str+7 Int+3}
   (You took it off a centaur warrior on level 13 of the Dungeon)

   [ring of ice]

   It enhances your ice magic.
   Str:       It affects your strength (+7).
   Int:       It affects your intelligence (+3).
   rF:        It makes you vulnerable to fire.
   rC:        It protects you from cold.
   rCorr:     It protects you from acid and corrosion.
   Will:      It decreases your willpower.
 N - an amulet of regeneration
 O - a ring of protection from fire
 P - a +4 ring of protection
 Q - the amulet of the Four Winds (around neck) {rN+ Will+++ Clar}
   (You bought it in a shop on level 2 of the Orcish Mines)

   [amulet of nothing]

   rN:        It protects you from negative energy.
   Clar:      It protects you against confusion.
   Will:      It greatly increases your willpower.
 T - a ring of poison resistance
Wands
 r - a wand of iceblast (17)
 B - a wand of polymorph (20)
 G - a wand of paralysis (11)
 H - a wand of acid (9)
 J - a wand of mindburst (7)
 M - a wand of digging (6)
Scrolls
 a - 6 scrolls of teleportation
 g - 3 scrolls of blinking
 p - 4 scrolls of immolation
 y - 2 scrolls of enchant armour
 C - a scroll of magic mapping
 D - 5 scrolls of identify
 F - 3 scrolls of fear
 R - a scroll of holy word
 S - a scroll of fog
Potions
 c - 4 potions of might
 e - 9 potions of ambrosia
 f - 5 potions of flight
 h - 3 potions of resistance
 i - 8 potions of attraction
 j - 6 potions of lignification
 k - 8 potions of curing
 l - 2 potions of berserk rage
 m - a potion of invisibility
 o - 5 potions of heal wounds
 u - 5 potions of haste
 v - a potion of magic
 w - a potion of mutation
 x - 2 potions of brilliance
 z - a potion of cancellation
Miscellaneous
 q - a condenser vane
 t - a phial of floods
 A - a phantom mirror
 U - a box of beasts


   Skills:
 + Level 18.6 Fighting
 - Level 20.0 Dodging
 - Level 10.0 Stealth
 + Level 18.5 Unarmed Combat
 - Level 10.0 Evocations


You had 13 spell levels left.
You didn't know any spells.
Your spell library was empty.

Dungeon Overview and Level Annotations

Branches:
Dungeon (15/15)            Temple (0/1) D:4            Lair (6/6) D:11
  Swamp (2/4) Lair:2        Snake (0/4) Lair:4        Slime (0/5) Lair:6
    Orc (2/2) D:12            Elf (0/3) Orc:2        Vaults (0/5) D:13
 Depths (0/4) D:15          IceCv (visited)

Altars:
Ashenzari
Cheibriados
Fedhas
Hepliaklqana
Makhleb
Uskayaw
Wu Jian
Xom
Yredelemnul

Shops:
D:4 (   D:13 *   Orc:2 =[(*

Portals:
Hell: Lair:6

Annotations:
D:5 2 exclusions
D:10 exclusion: obsidian statue
Lair:4 3 runed translucent doors, MarshatheCat's ghost, journeyman FeSu
Lair:5 2 transporters, mcbry74's ghost, journeyman MiBe


Innate Abilities, Weirdness & Mutations

You have sharp claws.
You have razor-sharp teeth.
You have supernaturally acute eyesight. (SInv)
You cover ground quickly. (Speed+)
Your thick and shaggy fur keeps you warm. (AC +3, rC+)
Your paws help you pounce on unaware monsters.
You are incapable of wielding weapons or throwing items.
You cannot wear armour.
You gain extra lives every three experience levels.


Message History

You enter the shallow water.
Moving in this stuff is going to be slow.
A tyrant leech comes into view.
A tyrant leech is nearby!
A tyrant leech is nearby!
A swamp worm comes into view.
The swamp worm fires a harpoon shot at you.
The harpoon shot hits you!
You are yanked forward by the harpoon shot.
Splash!
A spriggan rider comes into view. It is wielding a +0 spear.
The spriggan rider shouts!
You hear a hideous shriek!
You closely miss the swamp worm. The swamp worm completely misses you.
A bunyip comes into view.
You closely miss the swamp worm. Your claw misses the swamp worm.
You bite the swamp worm!
The swamp worm is moderately wounded.
The spriggan rider barely misses you. The swamp worm closely misses you.
You claw the swamp worm! Your claw misses the swamp worm.
The swamp worm is heavily wounded.
The swamp worm barely misses you.
The spriggan rider hits you from afar with a +0 spear.
Your unstable footing causes you to fumble your attack.
The swamp worm completely misses you.
Your unstable footing causes you to fumble your attack.
The spriggan rider hits you from afar with a +0 spear!!
The swamp worm bites you but does no damage.
The bunyip howls a warning cry!
The spriggan rider hits you from afar with a +0 spear!!
* * * LOW HITPOINT WARNING * * *
You hear a roar!
The swamp worm fires a harpoon shot at you.
The harpoon shot misses you. The tyrant leech bites you!
* * * LOW HITPOINT WARNING * * *
The tyrant leech draws strength from your injuries!
A red film seems to cover your vision as you go berserk!
You feel yourself moving faster!
You feel mighty! The tyrant leech misses you.
The spriggan rider barely misses you. The bunyip completely misses you.
The bunyip misses you. The bunyip claws you!!
You die...

♣♣♣♣♣♣≈≈. ≈≈≈♣ ♣.≈≈≈.§≈
.≈.♣♣ .≈≈♣≈♣≈ ♣≈ ♣♣..♣.♣♣
≈≈≈?§. .≈≈ ♣.♣.... .≈≈≈≈
≈.≈≈ ♣♣..≈.♣ ♣. ≈≈i≈
≈≈≈≈≈≈♣♣♣♣♣.≈≈≈.♣.≈≈
≈≈≈♣≈≈.≈≈≈....§≈≈wi≈..§≈≈
♣<≈≈≈≈≈≈≈§≈.≈≈.@x..≈.≈..
≈§.≈≈≈.≈≈..i≈.≈.♣w≈.≈♣♣♣.
§.≈≈≈≈.≈≈.♣≈≈.≈≈≈≈≈≈♣♣
≈§..≈≈≈...≈≈≈≈≈.≈♣..♣
♣≈≈♣≈≈.♣♣♣≈[.≈≈..≈≈♣♣
≈≈≈≈≈≈.♣ ♣♣≈≈≈♣≈≈..♣
≈♣≈≈≈≈.♣ ♣/≈≈≈≈≈.♣♣
.≈≈≈≈.♣♣ ♣≈≈≈♣≈§.♣ ..
♣♣≈≈♣.≈.♣♣


You could see a bunyip, a tyrant leech, 2 spriggan riders and a swamp worm.

Vanquished Creatures
  Nikola (Swamp:1)
  Rupert (Lair:6)
  A tengu reaver (D:14)
  A fenstrider witch (Swamp:2)
  A frost giant (IceCv)
  The ghost of mcbry74 the Cleaver, a journeyman MiGl of Okawaru (Lair:6)
  The ghost of Ashen the Ogre Mage, a journeyman OgIE of Vehumet (D:14)
  2 bunyips (Swamp:1)
  Josephine (Lair:5)
  17 hydras
  3 catoblepae
  8 centaur warriors
  5 boulder beetles
  3 death knights
  5 alligators
  4 two-headed ogres
  9 death yaks
  An ogre mage (D:13)
  A dancing weapon (Lair:6)
  Urug (D:13)
  Nergalle (Lair:1)
  4 orc high priests
  2 skeletal warriors (D:15)
  A sixfirhy (Lair:6)
  2 goliath frogs (Swamp:1)
  A spriggan druid (Swamp:2)
  A swamp dragon (Swamp:1)
  A wizard (Lair:6)
  2 bog bodies (Swamp:1)
  A lindwurm (Lair:6)
  A phantasmal warrior (D:15)
  A necromancer (D:15)
  7 orc knights
  4 orc sorcerers
  3 deep elf pyromancers
  A stone giant zombie (D:15)
  An oklob plant (Lair:6)
  5 ugly things
  A will-o-the-wisp (Swamp:2)
  5 manticores
  A moth of wrath (shapeshifter) (D:13)
  10 cyclopes
  4 elephants
  A frost giant skeleton (D:15)
  An ice statue (IceCv)
  9 black mambas
  20 cane toads
  2 torpor snails
  3 orange demons (Lair:6)
  A gargoyle (D:10)
  A smoke demon (Lair:6)
  11 rime drakes
  4 unseen horrors
  11 komodo dragons
  2 efreet (D:13)
  5 freezing wraiths
  A yaktaur (D:13)
  3 ice devils (Lair:6)
  A guardian mummy (D:15)
  A queen bee (D:12)
  7 tyrant leeches
  3 meliai (D:12)
  5 polar bears
  11 trolls
  2 hornets
  9 slime creatures
  19 blink frogs
  Grinder (D:5)
  A spriggan zombie (D:15)
  A centaur simulacrum (D:12)
  A shadow (D:10)
  2 wyverns
  2 vampires (D:13)
  63 yaks
  6 wraiths
  2 spriggans (Swamp:2)
  A human (shapeshifter) (D:15)
  4 basilisks
  15 humans
  A steam dragon (Lair:2)
  6 vampire mosquitoes
  Menkaure (D:4)
  6 swamp worms
  2 wargs (Orc:2)
  A human zombie (D:15)
  23 water moccasins
  6 hell hounds
  An acid dragon (D:11)
  5 black bears
  43 orc warriors
  3 ice beasts
  A swamp drake (Swamp:1)
  2 necrophages (D:8)
  11 ogres
  18 wolves
  5 centaurs
  Blork the orc (D:6)
  4 kobold brigands
  17 bullfrogs
  2 wyvern zombies (D:8)
  A gnoll sergeant (D:12)
  4 scorpions
  A wyvern skeleton (D:6)
  A water moccasin skeleton (D:6)
  34 killer bees
  13 wights
  An electric eel (D:12)
  7 centaur zombies
  2 howler monkeys
  A hound (D:5)
  16 orc priests
  14 jellies
  3 bullfrog skeletons
  2 gnoll shamans (D:8)
  8 hell rats
  26 orc wizards
  A killer bee zombie (D:9)
  3 howler monkey zombies
  16 gnolls
  19 river rats (Lair:1)
  3 adders
  2 howler monkey skeletons (D:7)
  A shadow imp (D:7)
  3 ufetubi
  2 worms (D:3)
  2 dart slugs
  67 orcs
  8 endoplasms
  2 giant cockroaches
  11 goblins
  8 hobgoblins
  6 jackals (D:1)
  10 quokkas
  6 ball pythons
  4 bats
  2 frilled lizards (D:3)
  14 kobolds
  14 rats
856 creatures vanquished.

Vanquished Creatures (collateral kills)
  An orc warlord (Orc:1)
  An eleionoma (Swamp:2)
  3 death yaks
  A swamp dragon (Swamp:2)
  A bog body (Swamp:2)
  A troll (D:12)
  4 yaks (IceCv)
  A human (D:12)
  A swamp worm (Swamp:2)
  A wolf (IceCv)
  An orc wizard (Orc:1)
16 creatures vanquished.

Vanquished Creatures (others)
  A bloated husk (Swamp:1)
  An orc wizard (D:9)
  A bush (Lair:6)
  2 foxfires (Swamp:2)
  37 fungi
  50 plants
  3 toadstools (D:11)
  3 withered plants (D:15)
98 creatures vanquished.

Grand Total: 970 creatures vanquished

Notes
Turn   | Place    | Note
-------+----------+-------------------------------------------
     0 | D:1      | MisterFreud the Felid Berserker began the quest for the
                  | Orb.
     0 | D:1      | Reached XP level 1. HP: 10/10 MP: 2/2
    43 | D:1      | Reached skill level 1 in Stealth
   385 | D:1      | Reached XP level 2. HP: 12/14 MP: 3/3
   665 | D:1      | Reached ** piety under Trog
   774 | D:1      | Reached XP level 3. HP: 17/17 MP: 4/4
   828 | D:1      | Found a faded altar of an unknown god.
  2287 | D:3      | Reached XP level 4. HP: 20/21 MP: 5/5
  2874 | D:3      | Found a hazy altar of Hepliaklqana.
  3019 | D:3      | Reached *** piety under Trog
  3315 | D:4      | Reached XP level 5. HP: 24/24 MP: 6/6
  3335 | D:4      | Found a staircase to the Ecumenical Temple.
  3402 | D:4      | Reached skill level 5 in Stealth
  3645 | D:4      | Found Ymas's Antique Weapon Shop.
  3716 | D:4      | Noticed Menkaure
  3726 | D:4      | Killed Menkaure
  3727 | D:4      | Reached skill level 5 in Unarmed Combat
  3727 | D:4      | Gained mutation: You are covered in thick fur. (AC +2)
                  | [Felid growth]
  3727 | D:4      | Reached XP level 6. HP: 28/28 MP: 7/7
  3751 | D:4      | Found a hide-covered altar of Uskayaw.
  4324 | D:5      | Entered Level 5 of the Dungeon
  4358 | D:5      | Reached skill level 5 in Dodging
  4416 | D:5      | Found an ornate altar of the Wu Jian Council.
  4508 | D:5      | Noticed a troll
  4518 | D:5      | Killed a troll
  4519 | D:5      | Reached skill level 7 in Dodging
  4519 | D:5      | Reached XP level 7. HP: 31/31 MP: 8/8
  4763 | D:5      | Identified the amulet "Vuoss" {Acrobat rC++ Dex+2}
  4801 | D:5      | Reached skill level 8 in Dodging
  4951 | D:5      | Noticed Grinder
  4954 | D:5      | Killed Grinder
  4955 | D:5      | Reached skill level 9 in Dodging
  4955 | D:5      | Reached XP level 8. HP: 34/34 MP: 9/9
  5021 | D:5      | Reached skill level 10 in Dodging
  5687 | D:6      | Identified a scroll of acquirement
  5688 | D:6      | Acquired a manual of Unarmed Combat
  5788 | D:6      | Noticed Blork the orc
  5806 | D:6      | Killed Blork the orc
  6013 | D:6      | Reached skill level 5 in Fighting
  7099 | D:7      | Reached XP level 9. HP: 41/41 MP: 10/10
  7658 | D:7      | Reached skill level 10 in Unarmed Combat
  7661 | D:7      | Reached **** piety under Trog
  8441 | D:8      | Found a broken altar of Ashenzari.
  9071 | D:8      | Reached XP level 10. HP: 45/45 MP: 11/11
  9105 | D:8      | Reached skill level 10 in Stealth
 10813 | D:9      | Reached ***** piety under Trog
 11264 | D:9      | Found a blossoming altar of Fedhas.
 11265 | D:9      | Found a basalt altar of Yredelemnul.
 11563 | D:10     | Entered Level 10 of the Dungeon
 11605 | D:10     | Reached skill level 15 in Unarmed Combat
 11731 | D:10     | Found a snail-covered altar of Cheibriados.
 11775 | D:10     | Reached XP level 11. HP: 22/51 MP: 12/12
 12120 | D:10     | Noticed an obsidian statue
 12504 | D:10     | Reached skill level 1 in Evocations
 12853 | D:11     | Noticed a two-headed ogre
 12866 | D:11     | Killed a two-headed ogre
 12954 | D:11     | Found a staircase to the Lair.
 13205 | D:11     | Noticed a two-headed ogre
 13376 | D:11     | Noticed a green ugly thing
 13386 | D:11     | Killed a green ugly thing
 13392 | D:11     | Killed a two-headed ogre
 14220 | D:12     | Found a frozen archway.
 14229 | IceCv    | Entered an ice cave
 14244 | IceCv    | Reached skill level 5 in Evocations
 14344 | IceCv    | Noticed a death yak
 14355 | IceCv    | Reached skill level 10 in Fighting
 14356 | IceCv    | Killed a death yak
 14384 | IceCv    | Gained mutation: Your thick and shaggy fur keeps you warm.
                  | (AC +3, rC+) [Felid growth]
 14384 | IceCv    | Reached XP level 12. HP: 26/58 MP: 13/13
 14688 | IceCv    | Noticed a death yak
 14689 | IceCv    | Killed a death yak
 15092 | IceCv    | Noticed a death yak
 15420 | IceCv    | Noticed a frost giant
 15420 | IceCv    | Noticed a death yak
 15421 | IceCv    | Noticed a death yak
 15433 | IceCv    | Killed a death yak
 15435 | IceCv    | Killed a frost giant
 15436 | IceCv    | Reached skill level 10 in Evocations
 15447 | IceCv    | Killed a death yak
 15448 | IceCv    | Killed a death yak
 15449 | IceCv    | Reached skill level 11 in Dodging
 15517 | IceCv    | Identified the +0 pair of boots of Xom's Scorn {MP+9 Str+3
                  | Dex+3 Slay+3}
 15646 | D:12     | Reached skill level 12 in Dodging
 15709 | D:12     | Reached skill level 13 in Dodging
 16489 | D:12     | Found a staircase to the Orcish Mines.
 16529 | D:12     | Reached skill level 14 in Dodging
 16569 | D:12     | HP: 1/58 [gnoll/+0 spear (6)]
 16798 | D:12     | Identified the +7 trident "Ohipsiri" {flame, Str+4}
 16853 | D:12     | Reached XP level 13. HP: 33/61 MP: 14/14
 16862 | D:12     | Killed from afar by a meliai
 16863 | D:12     | Reached XP level 12. HP: -2/58 MP: 13/13
 17252 | D:13     | Noticed a boulder beetle
 17254 | D:13     | Killed a boulder beetle
 17255 | D:13     | Reached skill level 15 in Dodging
 17359 | D:13     | Noticed a seven-headed hydra
 17483 | D:13     | Killed a seven-headed hydra
 17484 | D:13     | Reached skill level 16 in Dodging
 17737 | Lair:1   | Entered Level 1 of the Lair of Beasts
 18172 | Lair:1   | Noticed Nergalle
 18188 | Lair:1   | Killed Nergalle
 19188 | Lair:2   | Found a staircase to the Swamp.
 19358 | Lair:2   | Noticed a death yak
 19359 | Lair:2   | Noticed a death yak
 19360 | Lair:2   | Noticed a death yak
 19360 | Lair:2   | Noticed a death yak
 19361 | Lair:2   | Noticed a death yak
 19377 | Lair:2   | Killed a death yak
 19378 | Lair:2   | Reached XP level 13. HP: 43/64 MP: 14/14
 21973 | Lair:4   | Found a staircase to the Snake Pit.
 22494 | Lair:4   | Found a runed translucent gate.
 22494 | Lair:4   | Found a runed translucent gate.
 22495 | Lair:4   | Found a runed translucent gate.
 22659 | Lair:4   | Noticed MarshatheCat's ghost (journeyman FeSu)
 23521 | Lair:5   | Reached skill level 15 in Fighting
 23763 | Lair:5   | Noticed Josephine
 23772 | Lair:5   | Killed Josephine
 23924 | Lair:5   | Reached XP level 14. HP: 62/73 MP: 15/15
 24122 | Lair:5   | Identified the ring "Caci" {rElec AC+4 Str+3 Dex+3}
 24310 | Lair:5   | Found a transporter.
 24314 | Lair:5   | Found a transporter.
 24316 | Lair:5   | Noticed mcbry74's ghost (journeyman MiBe)
 24400 | Lair:6   | Entered Level 6 of the Lair of Beasts
 24799 | Lair:6   | Reached ****** piety under Trog
 24881 | Lair:6   | Reached skill level 17 in Dodging
 25120 | Lair:6   | Found a runed translucent door.
 25121 | Lair:6   | Found a shimmering altar of Xom.
 25121 | Lair:6   | Noticed mcbry74's ghost (journeyman MiGl)
 25122 | Lair:6   | Noticed Rupert
 25135 | Lair:6   | Killed Rupert
 25598 | Lair:6   | Reached skill level 18 in Dodging
 26128 | Lair:6   | Found a staircase to the Slime Pits.
 26622 | Lair:6   | Reached skill level 19 in Dodging
 26715 | Lair:6   | Found a burning altar of Makhleb.
 26965 | Lair:6   | Found a gateway to Hell.
 27383 | Lair:6   | Killed mcbry74's ghost
 27384 | Lair:6   | Reached skill level 20 in Dodging
 27586 | D:13     | Noticed Urug
 27586 | D:13     | Found a gate to the Vaults.
 27600 | D:12     | Reached XP level 15. HP: 78/78 MP: 16/16
 27675 | D:13     | Killed Urug
 28651 | D:13     | Identified the ring of Xom's Flight of Fancy {Ice Will-
                  | rCorr Str+7 Int+3}
 28798 | D:13     | Found the +2 hat of the Bear Spirit {Spirit, *Rage Will++}
 29119 | D:13     | Found Megowoik's General Store.
 29124 | D:13     | Bought 2 potions of curing for 102 gold pieces
 29124 | D:13     | Bought a scroll of teleportation for 51 gold pieces
 29628 | D:14     | Found a runed translucent door.
 29818 | D:14     | Noticed Ashen's ghost (journeyman OgIE)
 29914 | D:14     | Found an ornate altar of the Wu Jian Council.
 30183 | D:14     | Identified the +2 hand axe of the Glimmering Augurer
                  | {venom, rN+ MP+9 Stlth+}
 30524 | D:14     | Noticed a tengu reaver
 30536 | D:14     | Killed Ashen's ghost
 30541 | D:14     | Killed a tengu reaver
 30754 | D:15     | Entered Level 15 of the Dungeon
 30937 | D:15     | Found a staircase to the Depths.
 31912 | Orc:1    | Entered Level 1 of the Orcish Mines
 32261 | Orc:2    | Entered Level 2 of the Orcish Mines
 32261 | Orc:2    | Found a staircase to the Elven Halls.
 32263 | Orc:2    | Found Jiqywk's Antique Weapon Shop.
 32504 | Orc:2    | Noticed an orc warlord
 32764 | Orc:1    | Killed an orc warlord
 32838 | Orc:2    | Reached XP level 16. HP: 85/85 MP: 17/17
 32873 | Orc:2    | Slain by an orc knight
 32874 | Orc:2    | Reached XP level 15. HP: -3/81 MP: 16/16
 32879 | Orc:2    | Found Dunu's Jewellery Shoppe.
 32903 | Orc:2    | Bought the amulet of the Four Winds {rN+ Will+++ Clar} for
                  | 526 gold pieces
 32903 | Orc:2    | Found the amulet of the Four Winds {rN+ Will+++ Clar}
 33121 | Orc:2    | Found Purphuhi's Antique Armour Shop.
 33226 | Orc:2    | Found Miyzuosu's General Store.
 34759 | Swamp:1  | Entered Level 1 of the Swamp
 35061 | Swamp:1  | Noticed Nikola
 35089 | Swamp:1  | Killed Nikola
 36346 | Swamp:2  | Mangled by an alligator
 36347 | Swamp:2  | Reached XP level 14. HP: -7/78 MP: 15/15
 36347 | Swamp:2  | Noticed a fenstrider witch
 36355 | Swamp:2  | Killed a fenstrider witch
 36787 | Swamp:2  | Mangled by a bunyip

Illustrated notes

Levels and vault maps discovered:
D:1:      ncdulo_lavacross, layout_basic,
          shapermc_ecumenical_altar_mp_urbaneastern
D:2:      layout_loops_corners
D:3:      layout_basic, mainiacjoe_overflow_24_doors, lightli_corner_chamber
D:4:      layout_loops_ring, mainiacjoe_overflow_brackets,
          minmay_temple_entry_slanted, serial_shops, shop_fountains,
          minmay_cut_off, uniq_menkaure
D:5:      cheibrodos_two_vegetables, layout_loops_ring,
          nzn_wu_jian_contemplation, chequers_serial_rivers_small_b,
          uniq_grinder
D:6:      layout_basic, uniq_blork_the_orc
D:7:      layout_basic, serial_rivers, chequers_serial_rivers_room_a,
          chequers_serial_rivers_large_a, chequers_serial_rivers_marsh,
          chequers_serial_rivers_small_3, chequers_serial_rivers_micro_d
D:8:      minmay_recursive_quarters, layout_cave_pods,
          nicolae_ashenzari_panopticon, grunt_ministairs_6
D:9:      layout_cave_pools, nicolae_overflow_squiral, kennysheep_path_1
D:10:     layout_long_grid, mainiacjoe_overflow_alcove_4, minmay_statue_bubble
D:11:     layout_long_grid, grunt_lair_entry_orc_guard_hut,
          minmay_gold_behind_fungi
D:12:     layout_roguey, kennysheep_orc_monster_closet_entryway, serial_ice,
          serial_ice_g, serial_ice_e, serial_ice_i, serial_ice_d,
          portal_ice_cave_entry_pillars_1, special_room [special_room_bee],
          drop_trap
D:13:     layout_cave_pools, david_vaults_3, serial_shops, kennysheep_mini,
          minmay_the_grid_square_5x5_3x3_mashed
          [minmay_the_grid_square_5x5_checkered_sparse,
          minmay_the_grid_square_5x5_hourglass,
          minmay_the_grid_square_5x5_dogpile,
          minmay_the_grid_square_5x5_bracketed,
          minmay_the_grid_square_5x5_megaprize_open,
          minmay_the_grid_square_5x5_two_walls_a,
          minmay_the_grid_square_5x5_half_checkered,
          minmay_the_grid_square_5x5_one_wall,
          minmay_the_grid_square_5x5_tri_point]
D:14:     layout_loops_ring, lemuel_tele_altar, ebering_ghost_inner_flame,
          nicolae_wwwww
D:15:     gammafunk_depths_entry_grave, layout_cave_pods
Lair:1:   lemuel_ratsnest, layout_hall_layers, st_stairs_11, uniq_nergalle
Lair:2:   layout_regular_city, swamp_mist, minmay_hedge_maze,
          grunt_megastairs_5, uniq_urug
Lair:3:   layout_long_grid, beast_lair_carwin_6
Lair:4:   layout_regular_city, minmay_snake_entry_six_corridors,
          gammafunk_ghost_icy, st_stairs_6
Lair:5:   nzn_motion_control, layout_hall_layers, gammafunk_ghost_hive,
          worms_lemuel, uniq_josephine
Lair:6:   evil_forest, layout_hall_layers, minmay_slime_entry_jelly_boxes,
          ebering_ghost_xom, uniq_rupert
Swamp:1:  nicolae_swamp_tree_isthmus, layout_basic_swamp,
          evilmike_swamp_ruin_house_4, uniq_nikola
Swamp:2:  layout_falls_marsh, serial_swamp_ruin, evilmike_swamp_ruin_house_3,
          evilmike_swamp_ruin_rubble_1
Orc:1:    layout_caves, enter_volcano_3
Orc:2:    grunt_orc_gardens, layout_caves, grunt_orc_garden, grunt_orc_garden,
          grunt_orc_garden, grunt_orc_garden

Skill      XL: |  1  2  3  4  5  6  7  8  9 10 11 12 13 14 15 |
---------------+----------------------------------------------+-----
Stealth        | 1 2 3 4 6 9 10 | 10.0
Unarmed Combat | 4 5 6 8 12 15 16 18 | 18.5
Dodging        | 7 9 10 16 20 | 20.0
Fighting       | 6 8 10 12 15 16 18 | 18.6
Evocations     | 6 10 | 10.0

Action                   |  1- 3 |  4- 6 |  7- 9 | 10-12 | 13-15 | 16-18 || total
-------------------------+-------+-------+-------+-------+-------+-------++-------
Melee: Unarmed           |   118 |   119 |   215 |   850 |  1295 |    22 ||  2619
       Bite              |     6 |     8 |    29 |    99 |   232 |     4 ||   378
       Punch             |     2 |     3 |    19 |    85 |   166 |     1 ||   276
Invok: Berserk           |       |     5 |     7 |    16 |    28 |       ||    56
       Trog's Hand       |       |       |     1 |     4 |     3 |       ||     8
       Brothers in Arms  |       |       |       |     2 |     4 |       ||     6
Evoke: Condenser vane    |       |       |       |     1 |     2 |       ||     3
       Wand              |       |       |       |     1 |       |       ||     1
       Phial of floods   |       |       |       |       |     1 |       ||     1
  Use: Scroll            |       |     7 |    10 |     7 |     6 |       ||    30
       Potion            |       |       |       |     1 |     3 |       ||     4
 Stab: Sleeping          |    10 |     9 |    10 |    41 |    29 |       ||    99
       Distracted        |       |       |     1 |     5 |    10 |       ||    16
       Petrified         |       |       |       |       |     1 |       ||     1
Armor: Skin              |     3 |     5 |     4 |    20 |    67 |     1 ||   100
Dodge: Dodged            |    96 |    65 |   192 |   871 |  1428 |    34 ||  2686
